 Dungeon Crawl Stone Soup version 0.16-a0-262-g6fc725f (webtiles) character file.

462 Johnny the Charmwright (level 6, -5/50 HPs)
             Began as a Demigod Skald on Aug 25, 2014.
             Slain by an orc
             ... wielding a +2 dagger of electrocution
              (13 damage)
             ... on Level 4 of the Dungeon.
             The game lasted 00:23:13 (5287 turns).

Johnny the Charmwright (Demigod Skald)              Turns: 5287, Time: 00:23:13

HP  -5/50        AC  3     Str 20      XL: 6   Next: 49%
MP  14/17        EV 13     Int 17      God:
Gold 143         SH  0     Dex 17      Spells:  3 memorised,  5 levels left

rFire  . . .     SeeInvis .     v - +5 falchion
rCold  . . .     Clarity  .     b - +0 leather armour
rNeg   . . .     rCorr    .     (no shield)
rPois  .         rRot     .     (no helmet)
rElec  .         Spirit   .     (no cloak)
SustAb .         Warding  .     (no gloves)
rMut   .         Stasis   .     (no boots)
Gourm  .                        (no amulet)
MR     +....                    j - +3 ring of strength
                                x - ring of protection from magic

@: shrouded, infused, somewhat resistant to hostile enchantments, very
unstealthy
A: no striking features
a: no special abilities


You were on level 4 of the Dungeon.
You were not hungry.

You visited 1 branch of the dungeon, and saw 4 of its levels.

You collected 143 gold pieces.

Inventory:

Hand weapons
 e - a +1 dagger of speed
 i - a +0 mace of holy wrath
 l - a +0 dagger of distortion
 v - a +5 falchion (weapon)
Armour
 b - a +0 leather armour (worn)
 w - a cursed +0 robe
Comestibles
 r - 3 bread rations
Scrolls
 f - a scroll of teleportation
 g - a scroll of enchant weapon
 h - 2 scrolls of remove curse
 p - a scroll of amnesia {unknown}
 s - a scroll of magic mapping {unknown}
 t - a scroll of fear {unknown}
Jewellery
 j - a +3 ring of strength (right hand)
 x - a ring of protection from magic (left hand)
Potions
 a - 2 potions of cure mutation {unknown}
 d - a potion of heal wounds {unknown}
 k - a potion of flight {unknown}
 m - a potion of berserk rage
 n - a potion of might {unknown}
 o - a potion of resistance {unknown}
Books
 c - a book of Battle

   Spells                             Type                      Level
   *Infusion                          Charms                       1
   *Shroud of Golubria                Charms/Translocation         2
   Song of Slaying                    Charms                       2
   *Spectral Weapon                   Hexes/Charms                 3
   Regeneration                       Charms/Necromancy            3


   Skills:
 + Level 2.9 Fighting
 + Level 2.2(2.3) Short Blades
 + Level 0.5(1.4) Long Blades
 + Level 2.8 Armour
 + Level 2.9 Dodging
 + Level 3.1 Spellcasting
 + Level 3.9 Charms
 + Level 0.3 Translocations


You had 5 spell levels left.
You knew the following spells:

 Your Spells              Type           Power        Failure   Level  Hunger
a - Infusion              Chrm           ###...       3%          1    None
b - Shroud of Golubria    Chrm/Tloc      #.........   14%         2    ##.....
c - Spectral Weapon       Hex/Chrm       #.......     24%         3    ###....


Dungeon Overview and Level Annotations

Branches:
Dungeon (4/15)
 Temple: D:4-7

Shops:
D:4 =


Message History

Space distorts slightly along a thin shroud covering your body.
The orc hits you with a hand axe.
* * * LOW HITPOINT WARNING * * *
Casting: Shroud of Golubria
Confirm with . or Enter, or press ? or * to list all spells.
You begin infusing your attacks with magical energy.
The orc barely misses you.
You barely miss the orc. The orc barely misses you.
You barely miss the orc. The orc hits you with a hand axe.
* * * LOW HITPOINT WARNING * * *
You barely miss the orc. The orc barely misses you.
You hit the orc.
The orc is severely wounded.
Your shroud bends the orc's attack away.
You hit the orc.
You kill the orc!
The orc throws a stone.
The stone misses you.
The orc throws a stone.
The stone closely misses you. The orc hits you but does no damage.
You are electrocuted!
You die...

.##.##.....................
.##............###o........
.####.........##...#o#....#
.# ##.........#.%##..#<.#.
####......'##'..##........
.........%#≈≈#(....###.##
.##..#...##≈≈##.(..###.#
..<......#≈≈≈≈#(####...###
###.##...#≈≈≈≈#o@(.....(.#
###%##.#.##≈≈##.###(.###...
##...#..[.#≈≈#(..##.####
#........##''##.........
##...###.#≈.≈≈#.##..#...
######..######.##.##..
#.............#..# .(
#..###..........# ...
#.####.......#### #


You could see an orc.

Vanquished Creatures
  2 hounds (D:4)
  2 orc priests
  3 orc wizards
  2 iguanas (D:4)
  Jessica (D:3)
  4 adders
  2 giant mites
  2 worms
  6 giant geckos
  2 oozes (D:1)
  17 orcs
  2 ball pythons (D:2)
  4 giant cockroaches
  8 goblins
  11 hobgoblins
  3 jackals (D:1)
  8 kobolds
  2 quokkas
  8 bats
  6 giant newts
  12 rats
  A rat skeleton (D:4)
108 creatures vanquished.

Vanquished Creatures (others)
  A worm (D:2)
  A giant cockroach (D:3)
  A quokka (D:2)
3 creatures vanquished.

Grand Total: 111 creatures vanquished

Notes
Turn   | Place    | Note
--------------------------------------------------------------
     0 | D:1      | Johnny, the Demigod Skald, began the quest for the Orb.
     0 | D:1      | Reached XP level 1. HP: 17/17 MP: 3/3
   351 | D:1      | Reached skill level 1 in Armour
   401 | D:1      | Reached skill level 1 in Dodging
   823 | D:1      | Reached skill level 3 in Charms
   823 | D:1      | Reached XP level 2. HP: 24/24 MP: 1/4
   827 | D:1      | Learned a level 2 spell: Shroud of Golubria
  1924 | D:2      | Reached XP level 3. HP: 19/29 MP: 7/7
  2888 | D:3      | Noticed Jessica
  2907 | D:3      | Killed Jessica
  2907 | D:3      | Reached XP level 4. HP: 22/36 MP: 3/10
  3252 | D:3      | Reached XP level 5. HP: 41/41 MP: 9/12
  4744 | D:4      | Found Qunas' Jewellery Emporium.
  4757 | D:4      | Reached XP level 6. HP: 30/49 MP: 10/16
  4897 | D:4      | Learned a level 3 spell: Spectral Weapon
  5287 | D:4      | Slain by an orc

Action                   |  1- 3 |  4- 6 || total
-------------------------+-------+-------++-------
Melee: Short sword       |    26 |       ||    26
       Dagger            |   121 |    26 ||   147
       Falchion          |       |   105 ||   105
 Cast: Infusion          |    14 |    15 ||    29
       Shroud of Golubri |     5 |     4 ||     9
  Use: Scroll            |       |     9 ||     9
  Eat: Bread ration      |     1 |     1 ||     2
       Chunk             |     2 |     2 ||     4
       Meat ration       |       |     1 ||     1
